 Dungeon Crawl Stone Soup version 0.29.1-2-gbd0b4ee654 (webtiles) character file.

Game seed: 11274945842268511035

7 jamesblauser the Caller (level 2, 0/15 HPs)
             Began as a Tengu Summoner on Nov 5, 2022.
             Slain by a quokka (4 damage)
             ... on level 1 of the Dungeon.
             The game lasted 00:03:20 (469 turns).

jamesblauser the Caller (Tengu Summoner)             Turns: 469, Time: 00:03:20

Health: 0/15       AC:  2    Str:  8    XL:     2   Next: 4%
Magic:  4/6        EV: 12    Int: 15    God:
Gold:   28         SH:  0    Dex: 14    Spells: 4/5 levels left

rFire   . . .      SeeInvis .   d - +0 dagger
rCold   . . .      Faith    .   (no shield)
rNeg    . . .      Spirit   .   a - +0 robe
rPois   .          Reflect  .   (helmet restricted)
rElec   .          Harm     .   (no cloak)
rCorr   .          Rampage  .   (no gloves)
Will    .....                   (boots unavailable)
Stlth   ++........              (no amulet)
HPRegen 0.05/turn               (no ring)
MPRegen 0.10/turn               (no ring)

@: no status effects
A: beak, talons 3
a: no special abilities


You were on level 1 of the Dungeon.
You visited 1 branch of the dungeon, and saw 2 of its levels.

You collected 28 gold pieces.

Inventory:

Hand Weapons
 d - a +0 dagger (weapon)
Armour
 a - a +0 robe (worn)
Potions
 b - a potion of magic


   Skills:
 + Level 2.2 Dodging
 + Level 2.1 Stealth
 + Level 2.0 Spellcasting
 + Level 5.1 Summonings


You had 4 spell levels left.
You knew the following spells:

 Your Spells              Type           Power      Damage    Failure   Level
a - Summon Small Mammal   Summ           68%        N/A       2%          1

Your spell library contained the following spells:

 Spells                   Type           Power      Damage    Failure   Level
 Call Imp                 Summ           17%        N/A       4%          2
 Call Canine Familiar     Summ           17%        N/A       8%          3
 Summon Guardian Golem    Hex/Summ       9%         N/A       22%         3
 Summon Lightning Spire   Summ/Air       9%         N/A       58%         4


Dungeon Overview and Level Annotations

Branches:
Dungeon (2/15)

Altars:


Innate Abilities, Weirdness & Mutations

You have a beak for a mouth.
You have claws for feet.


Message History

The rat dies!
Your endoplasm dissolves into shadows!
Your endoplasm dissolves into shadows!
Your dart slug dissolves into shadows!
Your bat disappears in a puff of smoke! x2
You now have 28 gold pieces (gained 4).
A kobold comes into view. It is wielding a +0 dagger.
Found a dagger.
Casting: Summon Small Mammal (safe; 2% risk of failure)
Press: ? - help, Q - select action Dir - look around, f - activate
Casting: Summon Small Mammal (safe; 2% risk of failure)
Press: ? - help, Q - select action Dir - look around, f - activate The kobold shouts!
A quokka comes into view.
Found a stone staircase leading down.
Your bat hits the kobold but does no damage.
The kobold closely misses your bat.
Your bat closely misses the kobold.
Your quokka bites the kobold.
Your bat hits the kobold.
The kobold dies!
The quokka bites you.
Your quokka bites the quokka.
You have reached level 2!
You see here 12 gold pieces.
Your bat barely misses the quokka.
Found a fuming puce potion.
The quokka bites you. The quokka attacks as you move away!
The quokka completely misses you.
Your bat barely misses the quokka.
Your quokka bites the quokka.
The quokka attacks as you move away!
The quokka bites you but does no damage.
Your bat closely misses the quokka.
The quokka attacks as you move away! The quokka closely misses you.
Your bat closely misses the quokka.
The quokka misses you.
Your bat completely misses the quokka.
Your bat barely misses the quokka.
Your quokka completely misses the quokka.
Your bat barely misses the quokka.
The quokka bites you.
* * * LOW HITPOINT WARNING * * *
Your quokka misses the quokka. The quokka bites you.
You die...

#. ###......# # #.
###...### #. #.
#.....# #.# #.
#...##..# ## #..##.
#...####..###>..
#..#.###.............#
#....#########...)).##
#..!.rr......$........
#....@b.............##
#..............##...#
#.............## ...#
#####.........# ...#
########### ###


You could see a quokka (ally target), a friendly quokka (summoned) and a
friendly bat (summoned).

Vanquished Creatures
  A kobold (D:1)
1 creature vanquished.

Vanquished Creatures (collateral kills)
  An endoplasm (D:1)
  A goblin (D:1)
  2 kobolds (D:1)
  A rat (D:1)
5 creatures vanquished.

Vanquished Creatures (others)
  5 toadstools (D:1)
5 creatures vanquished.

Grand Total: 11 creatures vanquished

Notes
Turn   | Place    | Note
-------+----------+-------------------------------------------
     0 | D:1      | jamesblauser the Tengu Summoner began the quest for the
                  | Orb.
     0 | D:1      | Reached XP level 1. HP: 10/10 MP: 4/4
    12 | D:1      | You fall into a shaft and drop 1 floor!
   182 | D:1      | Reached skill level 5 in Summonings
   458 | D:1      | Reached XP level 2. HP: 11/15 MP: 3/6
   469 | D:1      | Slain by a quokka

Illustrated notes

Levels and vault maps discovered:
D:1:      dpeg_arrival_tiny_a, layout_rooms, nicolae_ecumenical_snake_handling,
          minmay_gold_behind_fungi
D:2:      layout_rooms, serial_shops, shop, uniq_robin

Skill      XL: |  1 |
---------------+----+-----
Summonings     | 5 |  5.1
Dodging        | |  2.2
Stealth        | |  2.1
Spellcasting   | |  2.0

Action                   || total
-------------------------++-------
Melee: Dagger            ||     1
 Cast: Summon Small Mamm ||    10
  Use: Scroll            ||     2
Armor: Robe              ||     3
Dodge: Dodged            ||     5
